 Dungeon Crawl Stone Soup version 0.31-a0-1002-g8e65716e6e (webtiles) character file.

Game seed: 9257293321839352534

74 Azuregosa the Covert (level 4, -10/31 HPs)
             Began as an Octopode Delver on Nov 10, 2023.
             Was an Initiate of Gozag.
             Mangled by a gnoll
             ... wielding a +0 flail
              (11 damage)
             ... on level 1 of the Dungeon.
             The game lasted 00:05:33 (1014 turns).

Azuregosa the Covert (Octopode Delver)              Turns: 1014, Time: 00:05:34

Health: -10/31     AC:  1    Str: 11    XL:     4   Next: 28%
Magic:  5/5        EV: 13    Int: 14    God:    Gozag
Gold:   99         SH:  0    Dex: 13    Spells: 3/5 levels left

rFire   . . .        m - +0 battleaxe
rCold   . . .        (shield currently unavailable)
rNeg    . . .        (helmet restricted)
rPois   .            (no amulet)
rElec   .            k - ring of willpower
rCorr   .            l - ring of flight
SInv    .            (no ring)
Will    +....        (no ring)
Stlth   +++++        (no ring)
HPRegen 0.25/turn    (no ring)
MPRegen 0.09/turn    (no ring)
                     (no ring)

%: no passive effects
@: flying
A: almost no armour, amphibious, 8 rings, camouflage 1, gelatinous body 1,
(nimble swimmer 1), tentacles
a: Renounce Religion, Potion Petition, Call Merchant, Bribe Branch


You were on level 1 of the Dungeon.
You worshipped Gozag.
Gozag was noncommittal.
You visited 2 branches of the dungeon, and saw 7 of its levels.

You collected 104 gold pieces.
You paid 5 gold pieces to Gozag.

Inventory:

Hand Weapons
 a - a +0 falchion
 m - a +0 battleaxe (weapon)
Missiles
 n - 2 poisoned darts
 o - 3 stones
Jewellery
 k - a ring of willpower (left tentacle)
 l - a ring of flight (right tentacle)
Wands
 c - a wand of flame (27)
 f - a wand of digging (3)
 i - a wand of quicksilver (7)
Scrolls
 b - a scroll of fog
 d - a scroll of blinking {unknown}
 h - a scroll of teleportation {unknown}
 j - 2 scrolls of identify {unknown}
Potions
 e - 2 potions of haste
 g - a potion of lignification {unknown}


   Skills:
 - Level 3.0 Fighting
 - Level 2.0 Long Blades
 - Level 2.0 Dodging
 - Level 8.0 Stealth
 + Level 1.0 Spellcasting
 + Level 1.1 Hexes
 + Level 1.1 Ice Magic


You had 3 spell levels left.
You knew the following spells:

 Your Spells              Type           Power      Damage    Failure   Level
a - Ensorcelled Hibernat  Hex/Ice        6%         N/A       26%         2

Your spell library contained the following spells:

 Spells                   Type           Power      Damage    Failure   Level
 Passwall                 Tmut/Erth      0%         N/A       36%         2
 Swiftness                Air            0%         N/A       61%         3


Dungeon Overview and Level Annotations

Branches:
Dungeon (6/15)             Temple (1/1) D:5

Altars:
Ashenzari
Dithmenos
Elyvilon
Fedhas
Gozag
Hepliaklqana
Makhleb
Okawaru
Ru
Trog
Uskayaw
Vehumet
Yredelemnul
The Shining One

Annotations:
D:4 1 runed translucent door, Crazy Yiuf


Innate Abilities, Weirdness & Mutations

You cannot wear most types of armour.
You are amphibious.
You can wear up to eight rings at the same time.
Your skin changes colour to match your surroundings (Stealth+).
Your rubbery body absorbs attacks. (AC +1, EV +1)
((You are camouflaged when in or above water. (Stealth+)))
You have tentacles for arms and can constrict up to eight enemies at once.


Message History

You closely miss the frilled lizard.
The endoplasm quivers.
Your grab misses the frilled lizard. You squeeze the frilled lizard.
You kill the frilled lizard!
You barely miss the goblin.
A ball python comes into view.
The goblin hits you with a +0 dagger.
You closely miss the goblin.
The ball python hisses angrily.
Your grab misses the goblin.
The goblin hits you with a +0 dagger. x2
You closely miss the goblin. Your grab misses the goblin.
Your squeeze misses the goblin. The goblin hits you with a +0 dagger.
The goblin closely misses you. The gnoll hits you with a +0 flail!
* * * LOW HITPOINT WARNING * * *
You barely miss the gnoll. You grab the gnoll. You slash the goblin!
You kill the goblin!
You constrict the gnoll. The gnoll barely misses you.
The ball python barely misses you. x2; The gnoll closely misses you.
You barely miss the ball python. You grab the ball python. You hit the gnoll.
You hit the endoplasm.
You constrict the ball python, but do no damage.
You constrict the gnoll. The ball python bites you.
* * * LOW HITPOINT WARNING * * *
The ball python misses you. The endoplasm freezes you.
You are frozen.
* * * LOW HITPOINT WARNING * * *
The gnoll hits you with a +0 flail.
* * * LOW HITPOINT WARNING * * *
The ball python bites you.
* * * LOW HITPOINT WARNING * * *
The ball python closely misses you.
You slash the ball python!
You kill the ball python!
You hit the endoplasm.
You kill the endoplasm!
You hit the gnoll but do no damage. You constrict the gnoll.
The gnoll closely misses you. The gnoll hits you with a +0 flail!
You die...
Your body crumbles into a pile of gold.

#.# #..#..#..#.. ##.#
#............. ..#
#............. #.#
##..#..#..#...#
#.######..............
#)....#...............
.##..###................
..............$.$g......
###..##...).....@$......
.....##.####...#.$.....%
###..#.#. ##.#.########
#...# #. .....# ##.##
#....### #.. #..#.#.
.... ...[# # # .......#
....


You could see a gnoll.

Vanquished Creatures
  A hound (D:4)
  A gnoll (D:4)
  2 adders (D:4)
  2 dart slugs
  An orc (D:4)
  A ball python (D:1)
  An endoplasm (D:1)
  4 goblins
  A hobgoblin (D:4)
  A kobold (D:1)
  A quokka (D:5)
  A frilled lizard (D:1)
  A rat (D:1)
18 creatures vanquished.

Notes
Turn   | Place    | Note
-------+----------+-------------------------------------------
     0 | D:5      | Azuregosa the Octopode Delver began the quest for the Orb.
     0 | D:5      | Reached XP level 1. HP: 16/16 MP: 1/1
    11 | D:5      | Found a staircase to the Ecumenical Temple.
    17 | Temple   | Found a transporter.
    17 | Temple   | Found a transporter.
    17 | Temple   | Found a transporter.
    17 | Temple   | Found a transporter.
    17 | Temple   | Entered the Ecumenical Temple
    24 | D:5      | Noticed a hound
   107 | D:5      | Noticed a centaur
   117 | D:5      | Found a bloodstained altar of Trog.
   135 | D:5      | Noticed an iguana
   174 | D:5      | Noticed a lemure
   251 | Temple   | Became a worshipper of Gozag Ym Sagoz the Greedy
   291 | D:4      | Killed a hound
   292 | D:4      | Reached skill level 8 in Stealth
   292 | D:4      | Reached XP level 2. HP: 14/21 MP: 2/2
   292 | D:4      | Reached XP level 3. HP: 17/26 MP: 3/3
   334 | D:4      | Learned a level 2 spell: Ensorcelled Hibernation
   564 | D:4      | Found a runed translucent door.
   565 | D:4      | Noticed Crazy Yiuf
   847 | D:4      | Reached skill level 1 in Hexes
   847 | D:4      | Reached skill level 1 in Ice Magic
   847 | D:4      | Reached XP level 4. HP: 25/31 MP: 5/5
   933 | D:2      | Found an iron altar of Okawaru.
   998 | D:1      | Reached skill level 1 in Spellcasting
  1013 | D:1      | HP: 1/31 [ball python (2)]
  1014 | D:1      | Mangled by a gnoll

Illustrated notes

Levels and vault maps discovered:
D:1:      co_arrival_hall_of_pillars, layout_loops_ring
D:2:      layout_basic, basic_altar
D:3:      layout_basic, nicolae_overflow_hidden_temple,
          mainiacjoe_overflow_alcove_2, mainiacjoe_overflow_catch_the_wave,
          kennysheep_generic_room_11
D:4:      layout_gridville, minmay_bisected, uniq_crazy_yiuf_cottage
D:5:      layout_loops_ring, bloody_trog, minmay_temple_entry_butterflies,
          serial_shops, nicolae_shop_dealshenge, uniq_pikel
D:6:      layout_basic, nicolae_qazlal_style_of_elements, minmay_misc_feat_tiny
Temple:   hellmonk_temple_divided_pantheon

Skill      XL: |  1  2  3  4 |
---------------+-------------+-----
Stealth        | 8 |  8.0
Hexes          | 1 |  1.1
Ice Magic      | 1 |  1.1
Spellcasting   | 1 |  1.0
Fighting       | |  3.0
Long Blades    | |  2.0
Dodging        | |  2.0

Action                     |  1- 3 |  4- 6 || total
---------------------------+-------+-------++-------
  Melee: Falchion          |    18 |       ||    18
         Constrict         |     8 |     4 ||    12
         Tentacles         |     6 |     5 ||    11
         Battleaxe         |     5 |    13 ||    18
    Use: Scroll            |     2 |       ||     2
   Stab: Sleeping          |     2 |     3 ||     5
 Armour: Skin              |    19 |    11 ||    30
  Dodge: Dodged            |    19 |    11 ||    30

Table legend: (Time is in decaauts)
 A = Elapsed time spent in this place.
 B = Non-inter-level travel time spent in this place.
 C = Inter-level travel time spent in this place.
 D = Time resting spent in this place.
 E = Time spent auto-exploring this place.
 F = Levels seen in this place.
 G = Mean time per level.
                   A        B        C        D        E       F      G
               +--------+--------+--------+--------+--------+-----+--------+
         Total |   1027 |   1027 |      0 |    201 |    335 |   7 |  146.7 |
       Dungeon |    994 |    994 |      0 |    201 |    335 |   6 |  165.7 |
        Temple |     33 |     33 |      0 |      0 |      0 |   1 |   33.0 |
               +--------+--------+--------+--------+--------+-----+--------+

Top non-repeatable levels by time:
     D:4: 632 daAuts
     D:5: 200 daAuts
     D:1: 70 daAuts
     D:6: 46 daAuts
  Temple: 33 daAuts
     D:3: 26 daAuts
     D:2: 17 daAuts
